 Dungeon Crawl Stone Soup version 0.28-a0-881-gae16bb6c82 (console) character file.

Game seed: 1493846426490493326

5861 CannotBeFrozen the Carver (level 10, 0/90 HPs)
             Began as a Demigod Warper on Nov 21, 2021.
             Shot with an arrow by a centaur warrior (15 damage)
             ... on level 9 of the Dungeon.
             The game lasted 00:59:05 (13656 turns).

CannotBeFrozen the Carver (Demigod Warper)         Turns: 13656, Time: 00:59:06

Health: 0/90       AC: 10    Str: 19    XL:     10   Next: 27%
Magic:  17/17      EV: 11    Int: 23    God:
Gold:   444        SH:  5    Dex: 13    Spells: 4/15 levels left

rFire   + . .      SeeInvis .   b - +0 hunting sling (venom)
rCold   . . .      Faith    .   (no shield)
rNeg    . . .      Spirit   .   g - +0 ring mail
rPois   +          Reflect  +   m - +1 helmet
rElec   +          Harm     .   k - +2 cloak "Ruawkos" {+Blink rElec Will+}
rCorr   .          Rampage  .   (no gloves)
Will    ++...                   (no boots)
Stlth   +.........              t - amulet of reflection
HPRegen 0.25/turn               v - ring of Equilibrium {Wiz rPois Str+3}
MPRegen 0.15/turn               B - ring of protection from fire

@: invisible
A: high mp 1, forlorn
a: Evoke Blink


You were on level 9 of the Dungeon.
You visited 1 branch of the dungeon, and saw 9 of its levels.

You collected 624 gold pieces.
You spent 180 gold pieces at shops.

Inventory:

Hand Weapons
 a - a +0 dagger of venom
 b - a +0 hunting sling of venom (weapon)
 J - a +0 falchion
Missiles
 d - 5 boomerangs of dispersal {=f =F}
 e - 34 sling bullets (quivered ammo)
 f - 83 arrows
 j - 331 stones
 o - 55 poisoned darts
 x - 6 javelins
 C - 2 curare-tipped darts {=f =F}
 F - a throwing net {=f =F}
Armour
 g - a +0 ring mail (worn)
 k - the +2 cloak "Ruawkos" (worn) {+Blink rElec Will+}
   (You bought it in a shop on level 5 of the Dungeon)

   rElec:     It insulates you from electricity.
   +Blink:    It lets you blink.
   Will:      It increases your willpower.
 m - a +1 helmet (worn)
Jewellery
 t - an amulet of reflection (around neck)
 v - the ring of Equilibrium (left hand) {Wiz rPois Str+3}
   (You acquired it on level 3 of the Dungeon)

   [ring of wizardry]

   It improves your spell success rate.
   Str:       It affects your strength (+3).
   rPois:     It protects you from poison.
 A - a ring of magical power
 B - a ring of protection from fire (right hand)
 D - an amulet of the acrobat
Wands
 p - a wand of digging (2)
 w - a wand of flame (32)
 G - a wand of charming (11)
 I - a wand of mindburst (8)
Scrolls
 c - 2 scrolls of blinking
 s - 2 scrolls of teleportation {@r2}
 y - a scroll of amnesia
 H - a scroll of fog {unknown}
Potions
 h - a potion of resistance {unknown}
 i - 5 potions of curing {@q1}
 l - a potion of invisibility
 n - a potion of berserk rage
 q - 2 potions of cancellation
 r - a potion of attraction
 u - a potion of brilliance
 E - a potion of degeneration {unknown}


   Skills:
 + Level 8.4 Fighting
 + Level 9.3 Long Blades
 - Level 1.5(2.0) Slings
 - Level 1.6(2.0) Throwing
 - Level 3.0 Armour
 - Level 3.0 Dodging
 - Level 2.0 Stealth
 - Level 3.0 Spellcasting
 - Level 6.0 Translocations


You had 4 spell levels left.
You knew the following spells:

 Your Spells              Type           Power      Damage    Failure   Level
b - Blink                 Tloc           62%        N/A       1%          2
g - Gell's Gravitas       Tloc           31%        N/A       1%          3
k - Lesser Beckoning      Tloc           31%        N/A       1%          3
t - Teleport Other        Tloc           31%        N/A       1%          3

Your spell library contained the following spells:

 Spells                   Type           Power      Damage    Failure   Level
 Apportation              Tloc           62%        N/A       1%          1
 Animate Skeleton         Necr           6%         N/A       8%          1
 Summon Small Mammal      Summ           12%        N/A       8%          1
 Hailstorm                Conj/Ice       3%         3d3       56%         4
 Ice Form                 Ice/Tmut       3%         N/A       56%         4
 Manifold Assault         Tloc           31%        N/A       17%         5
 Simulacrum               Ice/Necr       1%         N/A       100%        6


Dungeon Overview and Level Annotations

Branches:
Dungeon (9/15)             Temple (0/1) D:5            Lair (0/6) D:8
    Orc (0/2) D:9

Shops:
D:5 *   D:8 =

Annotations:
D:9 1 runed translucent door, exclusion: 2 doors, Decritt's ghost, novice DDFi


Innate Abilities, Weirdness & Mutations

Your attributes grow dramatically as you level up.
You have an increased reservoir of magic. (+10% MP)
You shall have no god before yourself.


Message History

A gnoll comes into view. It is wielding a +0 club.
As you read the scroll of blinking, it crumbles to dust.
A gnoll comes into view. It is wielding a +0 spear.
The gnoll shouts!
A gnoll comes into view. It is wielding a +0 mace.
Press: ? - help, v - describe, . - travel
Here: a gnoll, wielding a +0 mace (wandering, hasn't noticed you)
The floor.
Unknown command.
The gnoll shouts!
You fade into invisibility!
The centaur warrior shoots an arrow.
The arrow barely misses you.
A centaur zombie comes into view.
The centaur warrior shoots an arrow.
The arrow hits you!
* * * LOW HITPOINT WARNING * * *
The gnoll barely misses you.
HP: 6/90 (-7) ------------ You feel much better.
The centaur warrior shoots an arrow.
The arrow hits you.
* * * LOW HITPOINT WARNING * * *
The gnoll closely misses you.
The centaur warrior shoots an arrow.
The centaur warrior shoots an arrow.
The arrow hits the gnoll!!
The gnoll dies!
The centaur warrior shoots an arrow.
The arrow closely misses you.
The centaur warrior shoots an arrow.
The arrow closely misses you.
You are too injured to fight recklessly!
Fire: 35 sling bullets
Press: ? - help, Q - select action, (/) - cycle Shift-Dir - straight line, f - centaur warrior
Aim: a centaur warrior, wielding a +0 shortbow, wearing a ring of flight and quivering arrows (70% to hit)
You shoot a sling bullet.
The sling bullet barely misses the centaur warrior.
The centaur warrior shoots an arrow.
The arrow closely misses you.
The centaur warrior shoots an arrow.
The arrow misses you.
The centaur warrior shoots an arrow.
The arrow hits you!
* * * LOW HITPOINT WARNING * * *
HP: 21/90 (-10) ==---------- !
The centaur warrior shoots an arrow.
The arrow hits you.
* * * LOW HITPOINT WARNING * * *
The centaur warrior shoots an arrow.
The arrow hits you!
You die...

############### #.............#
################## #.#######.....#
#........).......#
#.#.....#.....###........Z.......#######
##.#.....#..@......c....).g(.............
#..+.....#..###########.....Z.....g......
######..#...<.'..# #................##
#.......#.....#..# #...###########..#
#.......#.....#..# #...# .......#..#
#.......#######..#######+###...# .......'..#
#..............................# .......#..#
#..............................# ......)#..#
###......##'##........<........# ########..##
#......#...#........รท>......................
######.#...#......................g.........


You could see a centaur warrior.

Vanquished Creatures
  A centaur warrior (D:9)
  A deep elf pyromancer (D:8)
  A troll (D:9)
  3 wyverns
  4 yaks
  Menkaure (D:5)
  3 water moccasins
  2 black bears
  A hornet zombie (D:8)
  2 necrophages
  An ice beast (D:7)
  An orc warrior (D:9)
  3 ogres
  A centaur (D:9)
  4 wolves (D:8)
  3 kobold brigands
  2 gnoll sergeants
  3 bullfrogs
  2 scorpions
  A water moccasin skeleton (D:6)
  A killer bee (D:9)
  4 wights
  A crimson imp (D:3)
  A bullfrog zombie (D:6)
  A centaur zombie (D:7)
  A jelly (D:5)
  A hound (D:4)
  2 bullfrog skeletons
  An orc priest (D:8)
  2 gnoll shamans
  2 iguanas
  Natasha (twice) (D:4)
  5 orc wizards
  A killer bee zombie (D:8)
  2 hound skeletons (D:4)
  17 gnolls
  A howler monkey skeleton (D:7)
  10 adders
  2 dart slugs
  3 worms
  16 orcs
  6 bats
  5 endoplasms
  5 giant cockroaches
  10 hobgoblins
  2 jackals (D:1)
  16 kobolds
  3 quokkas
  9 ball pythons
  6 frilled lizards
  14 goblins
  6 hobgoblin zombies (D:3)
  An orc skeleton (D:3)
  An orc zombie (D:3)
  6 rats
206 creatures vanquished.

Vanquished Creatures (others)
  A gnoll (D:9)
  2 fungi (D:8)
  19 plants
22 creatures vanquished.

Grand Total: 228 creatures vanquished

Notes
Turn   | Place    | Note
-------+----------+-------------------------------------------
     0 | D:1      | CannotBeFrozen the Demigod Warper began the quest for the
                  | Orb.
     0 | D:1      | Reached XP level 1. HP: 17/17 MP: 5/5
   114 | D:1      | Reached skill level 1 in Throwing
   114 | D:1      | Reached skill level 1 in Armour
   189 | D:1      | Reached skill level 2 in Long Blades
   210 | D:1      | Reached XP level 2. HP: 20/24 MP: 7/7
   214 | D:1      | Learned a level 2 spell: Blink
  1363 | D:2      | Reached XP level 3. HP: 20/29 MP: 8/8
  1750 | D:2      | Reached skill level 1 in Stealth
  2786 | D:3      | Reached XP level 4. HP: 11/36 MP: 9/9
  3055 | D:3      | Identified a scroll of acquirement
  3055 | D:3      | Acquired the ring of Equilibrium {Wiz rPois Str+3}
  3064 | D:3      | Learned a level 3 spell: Teleport Other
  4203 | D:3      | Reached XP level 5. HP: 41/41 MP: 10/10
  4731 | D:4      | Reached skill level 3 in Long Blades
  4860 | D:4      | Reached XP level 6. HP: 50/50 MP: 11/11
  5182 | D:4      | Noticed Natasha
  5210 | D:4      | Killed Natasha
  5329 | D:4      | Noticed Natasha
  5331 | D:4      | Killed Natasha
  5332 | D:4      | Reached skill level 4 in Long Blades
  5626 | D:5      | Entered Level 5 of the Dungeon
  5658 | D:5      | Noticed Menkaure
  5708 | D:5      | Found Suwk's Assorted Antiques.
  5716 | D:5      | Bought a glimmering cloak for 180 gold pieces
  5716 | D:5      | Identified the +2 cloak "Ruawkos" {+Blink rElec Will+} (You
                  | bought it in a shop on level 5 of the Dungeon)
  5911 | D:5      | Found a staircase to the Ecumenical Temple.
  6207 | D:5      | Reached XP level 7. HP: 22/57 MP: 7/13
  7010 | D:5      | Killed Menkaure
  7011 | D:5      | Reached skill level 5 in Translocations
  7435 | D:6      | Reached skill level 5 in Long Blades
  7481 | D:6      | Reached skill level 1 in Slings
  8039 | D:6      | Reached XP level 8. HP: 59/66 MP: 14/14
  8435 | D:7      | Reached skill level 6 in Long Blades
  9666 | D:7      | Reached skill level 5 in Fighting
  9931 | D:7      | Reached skill level 7 in Long Blades
 10064 | D:8      | Found a staircase to the Lair.
 10122 | D:8      | Reached XP level 9. HP: 25/75 MP: 15/15
 10604 | D:8      | Identified the +1 leather armour of Tiuretiy {rElec Str+8
                  | Slay-5}
 10615 | D:8      | Reached skill level 8 in Long Blades
 11503 | D:8      | Learned a level 3 spell: Gell's Gravitas
 11507 | D:8      | Learned a level 3 spell: Lesser Beckoning
 11893 | D:8      | Found Sojaofeph's Jewellery Shop.
 12205 | D:9      | Noticed a deep elf pyromancer
 12223 | D:8      | Killed a deep elf pyromancer
 12224 | D:8      | Reached XP level 10. HP: 50/88 MP: 17/17
 12482 | D:9      | Noticed a four-headed hydra
 12789 | D:9      | Found a staircase to the Orcish Mines.
 12888 | D:9      | Reached skill level 9 in Long Blades
 13369 | D:9      | Found a runed translucent door.
 13381 | D:9      | Noticed Decritt's ghost (novice DDFi)
 13590 | D:9      | Noticed a centaur warrior
 13599 | D:9      | Killed a centaur warrior
 13615 | D:9      | Noticed a centaur warrior
 13656 | D:9      | Shot with an arrow by a centaur warrior

Illustrated notes

Levels and vault maps discovered:
D:1:      amcnicky_arrival_feature_with_door, layout_basic,
          hellmonk_ecumenical_altar_crossroads
D:2:      cheibrodos_greedy_goblins, layout_loops_cross
D:3:      layout_basic, nicolae_tso_besieged_by_evil
D:4:      layout_cave_pools, minmay_splitting_lines, uniq_natasha
D:5:      layout_basic, minmay_temple_entry_overgrown, serial_shops, shop,
          uniq_menkaure
D:6:      layout_loops_cross
D:7:      layout_gridville
D:8:      layout_rooms, minmay_lair_entry_grove, serial_shops,
          nicolae_shop_statue_plus
D:9:      minmay_the_grid_plus_closed [minmay_the_grid_empty,
          minmay_the_grid_odd_star, minmay_the_grid_all_tris,
          minmay_the_grid_broken_lines, minmay_the_grid_prize_trominoes],
          layout_irregular_city, hellmonk_ghost_big_iron

Skill      XL: |  1  2  3  4  5  6  7  8  9 10 |
---------------+-------------------------------+-----
Throwing       | 1 |  1.6
Armour         | 1 2 3 |  3.0
Long Blades    | 2 3 4 5 7 8 9 |  9.3
Spellcasting   | 2 3 |  3.0
Translocations | 3 4 5 6 |  6.0
Dodging        | 2 3 |  3.0
Stealth        | 2 |  2.0
Fighting       | 2 3 4 6 7 8 |  8.4
Slings         | 1 |  1.5

Action                   |  1- 3 |  4- 6 |  7- 9 | 10-12 || total
-------------------------+-------+-------+-------+-------++-------
Melee: Falchion          |   179 |   198 |   170 |    10 ||   557
 Fire: Hunting sling     |       |    38 |   249 |    73 ||   360
Throw: Stone             |    72 |   125 |     1 |       ||   198
       Boomerang         |       |    18 |       |       ||    18
       Dart              |       |    17 |       |       ||    17
       Javelin           |       |       |     6 |       ||     6
 Cast: Blink             |     1 |     8 |    12 |     3 ||    24
       Teleport Other    |       |       |     6 |     1 ||     7
       Gell's Gravitas   |       |       |     1 |       ||     1
Evoke: Wand              |       |       |     6 |       ||     6
  Use: Scroll            |       |     7 |     6 |     2 ||    15
       Potion            |       |       |       |     2 ||     2
Armor: Leather armour    |     4 |       |       |       ||     4
       Ring mail         |    76 |    80 |   113 |    28 ||   297
Dodge: Dodged            |    95 |   139 |   135 |    39 ||   408
Block: Other             |       |     2 |    76 |    22 ||   100
       Reflection        |       |       |     1 |     3 ||     4

Table legend: (Time is in decaauts)
 A = Elapsed time spent in this place.
 B = Non-inter-level travel time spent in this place.
 C = Inter-level travel time spent in this place.
 D = Time resting spent in this place.
 E = Time spent auto-exploring this place.
 F = Levels seen in this place.
 G = Mean time per level.
                   A        B        C        D        E       F      G
               +--------+--------+--------+--------+--------+-----+--------+
         Total |  13757 |  13404 |    353 |   3948 |   5755 |   9 | 1528.6 |
       Dungeon |  13757 |  13404 |    353 |   3948 |   5755 |   9 | 1528.6 |
               +--------+--------+--------+--------+--------+-----+--------+

Top non-repeatable levels by time:
     D:7: 2305 daAuts
     D:8: 1764 daAuts
     D:5: 1757 daAuts
     D:3: 1641 daAuts
     D:2: 1604 daAuts
     D:9: 1313 daAuts
     D:1: 1243 daAuts
     D:4: 1235 daAuts
     D:6: 891 daAuts
